 Dungeon Crawl Stone Soup version 0.28.0-53-g5a82cb258f (webtiles) character file.

Game seed: 11017035125557646135

7 Zeld the Chiller (level 2, 0/13 HPs)
             Began as a Vine Stalker Ice Elementalist on June 12, 2022.
             Slain by a quokka (1 damage)
             ... on level 1 of the Dungeon.
             The game lasted 00:00:39 (485 turns).

Zeld the Chiller (Vine Stalker Ice Elementalist)     Turns: 485, Time: 00:00:40

Health: 0/13       AC:  2    Str: 10    XL:     2   Next: 0%
Magic:  0/6        EV: 12    Int: 15    God:
Gold:   42         SH:  0    Dex: 14    Spells: 4/5 levels left

rFire   . . .      SeeInvis .   f - +0 dagger (flame)
rCold   . . .      Faith    .   (no shield)
rNeg    . . .      Spirit   +   a - +0 robe
rPois   .          Reflect  .   (no helmet)
rElec   .          Harm     .   (no cloak)
rCorr   .          Rampage  .   (no gloves)
Will    .....                   (no boots)
Stlth   ++........              (no amulet)
HPRegen 0.04/turn               (no ring)
MPRegen 0.10/turn               (no ring)

@: no status effects
A: fangs 2, magic shield, antimagic bite, no potion heal 2
a: no special abilities


You were on level 1 of the Dungeon.
You visited 1 branch of the dungeon, and saw 1 of its levels.

You collected 42 gold pieces.

Inventory:

Hand Weapons
 f - a +0 dagger of flaming (weapon)
Armour
 a - a +0 robe (worn)
Scrolls
 d - a scroll of enchant weapon {unknown}
 e - a scroll of identify {unknown}
Potions
 b - a potion of curing {unknown}
 c - a potion of degeneration {unknown}


   Skills:
 - Level 1.5 Dodging
 + Level 2.6 Stealth
 * Level 2.4 Spellcasting
 * Level 4.1 Ice Magic


You had 4 spell levels left.
You knew the following spells:

 Your Spells              Type           Power      Damage    Failure   Level
a - Freeze                Ice            56%        1d7       3%          1

Your spell library contained the following spells:

 Spells                   Type           Power      Damage    Failure   Level
 Frozen Ramparts          Ice            28%        1d4       12%         3
 Ozocubu's Armour         Ice            14%        N/A       12%         3
 Animate Skeleton         Necr           2%         N/A       22%         1
 Pain                     Necr           4%         1d4       22%         1
 Vampiric Draining        Necr           1%         2d6       54%         3
 Hailstorm                Conj/Ice       8%         3d4       65%         4
 Animate Dead             Necr           0%         N/A       91%         4
 Haunt                    Necr/Summ      0%         N/A       100%        7
 Infestation              Necr           0%         N/A       100%        8


Dungeon Overview and Level Annotations

Branches:
Dungeon (1/15)

Altars:


Innate Abilities, Weirdness & Mutations

You have extremely sharp teeth.
When hurt, damage is shared between your health and your magic reserves.
Your bite disrupts and absorbs the magic of your enemies.
Potions cannot restore your health.


Message History

A kobold comes into view. It is wielding a +0 club.
The kobold shouts!
A kobold is nearby!
A kobold is nearby!
A kobold is nearby!
A quokka comes into view.
A goblin comes into view. It is wielding a +0 dagger.
The kobold closely misses you.
The goblin shouts!
You hit the kobold but do no damage. Your bite misses the kobold.
The kobold barely misses you.
You hit the kobold. You burn the kobold. You bite the kobold, but do no damage.
The kobold is severely wounded.
The kobold hits you with a +0 club.
You freeze the kobold.
You kill the kobold!
The quokka bites you but does no damage.
You have reached level 2!
You freeze the goblin.
The goblin is heavily wounded.
The goblin hits you with a +0 dagger. The quokka bites you.
You are too injured to fight recklessly!
Unknown command.
You are too injured to fight recklessly!
You are too injured to fight recklessly!
The goblin hits you with a +0 dagger.
* * * LOW HITPOINT WARNING * * *
You see here 27 arrows.
An endoplasm comes into view.
The quokka bites you.
* * * LOW HITPOINT WARNING * * *
Casting: Freeze (safe; 3% risk of failure)
Confirm with . or Enter, or press ? or * to list all spells.
Aiming: Freeze (safe; 3% risk of failure)
Press: ? - help, Shift-Dir - straight line, f - quokka, p - goblin
Aim: a quokka You freeze the quokka.
The quokka is severely wounded.
The quokka bites you.
You die...

..##.........# #.##.#####...#
.....######.##
..).........###
.>########....# ##### ...##
#.##.######...# ....#
#.............### ....#
####.####.......### >...#
#>#.@rg........# ...##
#.#.##(......#. ...# #.#.
###...#.... #..# ..#. #..)#
... #### #### #..... # #####
........ ######### ##...##
....#.J....
..##....###.....#####.#.##.#.
#....#.......⌠..# #.#.# .#


You could see a quokka and a goblin.

Vanquished Creatures
  2 goblins (D:1)
  A hobgoblin (D:1)
  A kobold (D:1)
  A frilled lizard (D:1)
  A rat (D:1)
6 creatures vanquished.

Notes
Turn   | Place    | Note
-------+----------+-------------------------------------------
     0 | D:1      | Zeld the Vine Stalker Ice Elementalist began the quest for
                  | the Orb.
     0 | D:1      | Reached XP level 1. HP: 9/9 MP: 4/4
   479 | D:1      | Reached XP level 2. HP: 10/13 MP: 3/6
   485 | D:1      | Slain by a quokka

Illustrated notes

Levels and vault maps discovered:
D:1:      dpeg_cavernosity, layout_loops_ring, basic_ecumenical_altar,
          minmay_pentomino_x2

Action                   || total
-------------------------++-------
Melee: Unarmed           ||     6
       Dagger            ||     3
       Bite              ||     3
 Cast: Freeze            ||    10
 Stab: Sleeping          ||     1
Armor: Robe              ||     1
Dodge: Dodged            ||     8
